 Dungeon Crawl Stone Soup version 0.30-a0-341-g682706514a (webtiles) character file.

Game seed: 7130546335830651708

150 purpskrrrp the Ducker (level 5, 0/35 HPs)
             Began as a Djinni Earth Elementalist on Nov 4, 2022.
             Killed by divine providence
             ... invoked by an orc priest
              (13 damage)
             ... on level 4 of the Dungeon.
             The game lasted 00:06:51 (2478 turns).

purpskrrrp the Ducker (Djinni Earth Elementalist)   Turns: 2478, Time: 00:06:51

Health: 0/35       AC:  5    Str:  7    XL:     5   Next: 58%
Gold:   112        EV: 14    Int: 22    God:
                   SH:  0    Dex: 19

rFire   + + .      SeeInvis .    b - +4 lajatang of Xuasm {freeze, MP+9 Int+3}
rCold   x . .      Faith    .    (shield currently unavailable)
rNeg    . . .      Spirit   .    a - +1 robe
rPois   ∞          Reflect  .    (no helmet)
rElec   .          Harm     .    s - +0 cloak
rCorr   .          Rampage  .    m - +0 pair of gloves
Will    .....                    (boots unavailable)
Stlth   ++........               (no amulet)
HPRegen 0.25/turn                i - +6 ring of dexterity
MPRegen 0.00/turn                (no ring)

@: flying
A: sickness immunity, fire resistance 2, cold vulnerability 1, float, innate
caster, HP casting, extra vitality 1
a: no special abilities


You were on level 4 of the Dungeon.
You visited 1 branch of the dungeon, and saw 4 of its levels.

You collected 112 gold pieces.

Inventory:

Hand Weapons
 b - the +4 lajatang of Xuasm (weapon) {freeze, MP+9 Int+3}
   (You acquired it on level 1 of the Dungeon)

   It freezes those it strikes, dealing additional cold damage.
   It can also slow down cold-blooded creatures.
   Int:       It affects your intelligence (+3).
   MP:        It affects your magic capacity (+9).
 e - a +1 whip of flaming
 k - a +0 whip of flaming
Missiles
 c - 3 throwing nets
Armour
 a - a +1 robe (worn)
 m - a +0 pair of gloves (worn)
 s - a +0 cloak (worn)
Jewellery
 i - a +6 ring of dexterity (left hand)
Scrolls
 q - a scroll of butterflies
Potions
 d - a potion of brilliance
 f - a potion of degeneration
 g - 2 potions of flight
 h - a potion of ambrosia {unknown}
 j - 3 potions of might
 l - a potion of heal wounds {unknown}
 o - a potion of invisibility {unknown}
 p - a potion of cancellation {unknown}
 r - a potion of haste {unknown}


   Skills:
 + Level 3.8 Dodging
 - Level 2.0 Stealth
 * Level 3.8 Spellcasting


You couldn't memorise any spells.
You knew the following spells:

 Your Spells              Type           Power      Damage    Failure   Level
a - Sandblast             Erth           40%        2d10      2%          1
b - Passwall              Tmut/Erth      16%        N/A       3%          2
c - Stone Arrow           Conj/Erth      40%        3d9       7%          3
d - Petrify               Tmut/Erth      20%        N/A       24%         4
e - Freeze                Ice            80%        1d9       2%          1
f - Scorch                Fire           40%        2d7       3%          2
Your spell library was empty.

Dungeon Overview and Level Annotations

Branches:
Dungeon (4/15)
 Temple: D:4-7

Altars:


Innate Abilities, Weirdness & Mutations

You are immune to sickness and miasma.
You are immune to poison.
Your flesh is very heat resistant. (rF++)
You are vulnerable to cold. (rC-)
You float through the air rather than walking.
You learn spells naturally, not from books.
Your magical power is your life essence.
You have superior vitality. (+4 MHP)


Message History

Your +0 whip of flaming glows red for a moment.
You fly downwards.
Your summoned allies are left behind.
Found a ring of flight.
There is a stone staircase leading up here. 3 orcs come into view.
Found a trident.
The orc shouts!
The orc moves out of view.
Found a scroll of silence.
The blast of sand hits the orc!
You kill the orc!
An orc comes into view. It is wielding a +0 dagger.
An orc priest comes into view. It is wielding a +0 war axe.
The blast of sand misses the orc.
The orc priest shouts!
The orc priest mumbles some strange prayers to Beogh against you.
Beogh smites you!
You slash the orc! You freeze the orc.
You kill the orc!
The orc hits you but does no damage.
The blast of sand hits the orc.
The orc is moderately wounded.
The orc misses you.
The blast of sand hits the orc.
The orc is moderately wounded.
The orc priest looks satisfied for a moment.
The orc closely misses you. The orc barely misses you.
The blast of sand hits the orc.
The orc is heavily wounded.
The orc closely misses you.
The blast of sand hits the orc.
You kill the orc!
You hit the orc. You freeze the orc.
The orc is almost dead.
The orc priest mumbles some strange prayers to Beogh against you.
Beogh smites you! The orc attacks as you move away!
The orc completely misses you.
The orc priest calls down the wrath of Beogh upon you.
Beogh smites you!
You die...

## .### .=#
##
###.###...#
#.o.......#
#)#.##....+
.o.#o# ..#
..).##@# #
..)... ###
.#.... #...
...?


You could see an orc priest and an orc.

Vanquished Creatures
  A hound (D:3)
  5 adders
  3 gnolls
  A dart slug (D:2)
  3 orcs (D:4)
  A bat (D:3)
  6 endoplasms
  2 giant cockroaches
  6 hobgoblins
  5 kobolds
  4 ball pythons
  A frilled lizard (D:2)
  3 goblins
  2 rats
43 creatures vanquished.

Notes
Turn   | Place    | Note
-------+----------+-------------------------------------------
     0 | D:1      | purpskrrrp the Djinni Earth Elementalist began the quest
                  | for the Orb.
     0 | D:1      | purpskrrrp set off with the following spells memorised:
                  | Sandblast, Passwall, Stone Arrow, Petrify.
     0 | D:1      | Reached XP level 1. HP: 15/15 MP: 0/0
    89 | D:1      | Reached XP level 2. HP: 4/21 MP: 0/0
   655 | D:1      | Identified a scroll of acquirement
   655 | D:1      | Acquired the +4 lajatang of Xuasm {freeze, MP+9 Int+3}
   705 | D:2      | Reached XP level 3. HP: 22/25 MP: 0/0
   705 | D:2      | Learned a level 1 spell: Freeze
   895 | D:2      | Reached XP level 4. HP: 30/31 MP: 0/0
  1928 | D:3      | Found a faded altar of an unknown god.
  1977 | D:3      | Reached XP level 5. HP: 34/35 MP: 0/0
  1977 | D:3      | Learned a level 2 spell: Scorch
  2478 | D:4      | Killed from afar by an orc priest

Illustrated notes

Levels and vault maps discovered:
D:1:      dpeg_arrival_refuge, layout_basic
D:2:      layout_basic
D:3:      layout_rooms, nicolae_vehumet_radiance,
          shapermc_ecumenical_altar_petra
D:4:      cheibrodos_fertilizer, layout_basic, nicolae_hepliaklqana_hazy_memory,
          grunt_temple_overflow_open, kennysheep_windowed_goal, uniq_menkaure,
          uniq_grinder

Skill      XL: |  1  2  3 |
---------------+----------+-----
Stealth        | 2 |  2.0
Dodging        | 3 |  3.8
Spellcasting   | 3 |  3.8

Action                   |  1- 3 |  4- 6 || total
-------------------------+-------+-------++-------
Melee: Unarmed           |    13 |       ||    13
       Whip              |     2 |       ||     2
       Lajatang          |       |     8 ||     8
 Cast: Sandblast         |    28 |    33 ||    61
  Use: Scroll            |     5 |     6 ||    11
 Stab: Sleeping          |       |     1 ||     1
Armor: Robe              |     3 |     2 ||     5
Dodge: Dodged            |    26 |    11 ||    37

Table legend: (Time is in decaauts)
 A = Elapsed time spent in this place.
 B = Non-inter-level travel time spent in this place.
 C = Inter-level travel time spent in this place.
 D = Time resting spent in this place.
 E = Time spent auto-exploring this place.
 F = Levels seen in this place.
 G = Mean time per level.
                   A        B        C        D        E       F      G
               +--------+--------+--------+--------+--------+-----+--------+
         Total |   2509 |   2316 |    193 |    187 |   1791 |   4 |  627.2 |
       Dungeon |   2509 |   2316 |    193 |    187 |   1791 |   4 |  627.2 |
               +--------+--------+--------+--------+--------+-----+--------+

Top non-repeatable levels by time:
     D:2: 999 daAuts
     D:1: 847 daAuts
     D:3: 644 daAuts
     D:4: 18 daAuts
